 Dungeon Crawl Stone Soup version 0.23.2-33-g5129a83184 (webtiles) character file.

Game seed: 13813461790744297342

7 troglodite the Twirler (level 2, -3/23 HPs)
             Began as a Gnoll Wanderer on July 17, 2019.
             Slain by a gnoll (6 damage)
             ... on level 1 of the Dungeon.
             The game lasted 00:00:58 (273 turns).

troglodite the Twirler (Gnoll Wanderer)              Turns: 273, Time: 00:00:59

Health: -3/23      AC:  2    Str: 12    XL:     2   Next: 4%
Magic:  5/5        EV: 15    Int: 13    God:
Gold:   14         SH:  0    Dex: 17    Spells: 1/1 levels left

rFire    . . .     SeeInvis .   a - +0 dagger
rCold    . . .     Gourm    .   (no shield)
rNeg     . . .     Faith    .   d - +0 robe
rPois    .         Spirit   .   (no helmet)
rElec    .         Reflect  .   (no cloak)
rCorr    .         Harm     .   (no gloves)
MR       .....                  (no boots)
Stlth    ++........             (no amulet)
HPRegen  0.07/turn              (no ring)
MPRegen  0.09/turn              (no ring)

@: no status effects
A: distributed training, fangs 1, strong nose
a: no special abilities


You were on level 1 of the Dungeon.
You were not hungry.

You visited 1 branch of the dungeon, and saw 1 of its levels.

You collected 14 gold pieces.

Inventory:

Hand Weapons
 a - a +0 dagger (weapon)
Armour
 d - a +0 robe (worn)
Wands
 e - a wand of flame (15)
Scrolls
 c - a scroll of teleportation
Potions
 b - 2 potions of curing
 h - 2 potions of might {unknown}
Comestibles
 f - a ration
 g - 3 chunks of flesh


   Skills:
 + Level 2.4 Fighting
 + Level 2.4 Short Blades
 + Level 0.2 Long Blades
 + Level 0.2 Axes
 + Level 0.2 Maces & Flails
 + Level 0.2 Polearms
 + Level 6.4 Staves
 + Level 0.2 Slings
 + Level 0.2 Bows
 + Level 0.2 Crossbows
 + Level 0.2 Throwing
 + Level 0.2 Armour
 + Level 4.4 Dodging
 + Level 2.2 Stealth
 + Level 0.2 Shields
 + Level 0.2 Unarmed Combat
 + Level 0.2 Spellcasting
 + Level 0.1 Conjurations
 + Level 0.1 Hexes
 + Level 0.1 Charms
 + Level 0.1 Summonings
 + Level 0.1 Necromancy
 + Level 0.1 Translocations
 + Level 0.1 Transmutations
 + Level 0.1 Fire Magic
 + Level 0.1 Ice Magic
 + Level 0.1 Air Magic
 + Level 0.1 Earth Magic
 + Level 0.1 Poison Magic
 + Level 0.3 Invocations
 + Level 4.4 Evocations


You had one spell level left.
You didn't know any spells.
Your spell library was empty.

Dungeon Overview and Level Annotations

Branches:
Dungeon (1/15)

Altars:


Innate Abilities, Weirdness & Mutations

Your experience applies equally to all skills.
You have very sharp teeth.
Your uncanny sense of smell can sniff out nearby items.


Message History

The kobold barely misses you. The gnoll misses you.
You hit the kobold.
You kill the kobold!
You have reached level 2!
The gnoll barely misses you.
Things that are here:
a +0 dagger; 2 stones You hit the gnoll but do no damage.
You closely miss the gnoll. The gnoll hits you. The kobold misses you.
You barely miss the gnoll. You bite the gnoll, but do no damage.
The gnoll misses you. The kobold barely misses you.
You hit the gnoll. You bite the gnoll.
The gnoll is lightly wounded.
The gnoll hits you.
* * * LOW HITPOINT WARNING * * *
The kobold misses you.
You hit the gnoll but do no damage.
The gnoll is lightly wounded.
The gnoll hits you.
You die...

#.....# #. ..# #.....#
#.. #.# #%....# .#..
#.#######..... ..>..
.............
....##.##.......# ..
.....>+.......# ...
#+###..##.....÷÷####...
#.....K@g.......+......
#####.###.......#......
.....................
..######..............
∆... #.............. ..
#.............. .
##.............
................
∆∆.................


You could see a gnoll and a kobold.

Vanquished Creatures
  2 goblins (D:1)
  2 jackals (D:1)
  A kobold (D:1)
  A rat (D:1)
6 creatures vanquished.

Notes
Turn   | Place    | Note
-------+----------+-------------------------------------------
     0 | D:1      | troglodite the Gnoll Wanderer began the quest for the Orb.
     0 | D:1      | troglodite set off with the following items: a +0 dagger, a
                  | potion of curing, a scroll of teleportation, a +0 robe, a
                  | wand of flame (15), a ration
     0 | D:1      | Reached XP level 1. HP: 17/17 MP: 3/3
   267 | D:1      | Reached XP level 2. HP: 12/23 MP: 5/5
   273 | D:1      | Slain by a gnoll

Action                   || total
-------------------------++-------
Melee: Dagger            ||    37
       Bite              ||     5
Armor: Robe              ||     5
Dodge: Dodged            ||    39
